AoeStats
← Kiritastrich

Arabia

503635856Analyzed
1v1 RM · 1mo ago on Sep 1, 2026· 22m 34s· 2 players
Game mode
Random Map
Map size
Tiny (2 player)
Population
200
Speed
Normal
Resources
Standard
Victory
Conquest
Starting age
Dark Age
Ending age
Imperial Age
RankedLock teamsTeams togetherTeam positionsShared explorationLock speedFull tech treeHidden civsTurbo modeCheats
Victory
Defeat
🇵🇪 Spanish · Peru
1894
+13
🇷🇺 Muisca · Russia
1839
-13
Kiritastrich
4:35 Loom
6:43 Loom
7:24 Loom
10:18 Feudal Age
14:21 Castle Age
13:56 Gold Mining
13:53 Double-Bit Axe
16:13 Fervor
16:26 Sanctity
17:15 Fervor
18:42 Town Watch
DYN_BenderGC
11:05 Feudal Age
11:02 Loom
14:56 Castle Age
20:50 Devotion
Connection lost

Rejoining the realm…

Still unreachable

The connection could not be restored.

Session expired

The server has moved on; the page needs a fresh start.